 Dungeon Sprint DCSS version 0.28-a0-1524-ge72afd5fc6 (webtiles) character file.

Game seed: 7534295594294986283

183 mhtbhm the Ducker (level 5, -3/63 HPs)
             Began as an Octopode Berserker on Jan 17, 2022.
             Was a Believer of Trog.
             Killed by divine providence
             ... invoked by a smoke demon
             ... summoned by a kobold demonologist
              (12 damage)
             ... in the Dungeon (Sprint III: "The Ten Rune Challenge").
             The game lasted 00:00:41 (542 turns).

mhtbhm the Ducker (Octopode Berserker)               Turns: 542, Time: 00:00:43

Health: -3/63      AC:  1    Str: 18    XL:     5   Next: 62%
Magic:  5/5        EV: 15    Int:  9    God:    Trog [**....]
Gold:   23         SH:  0    Dex: 12    Spells: 4/4 levels left

rFire   . . .      SeeInvis .   a - +0 hand axe
rCold   . . .      Faith    .   (no shield)
rNeg    . . .      Spirit   .   (helmet restricted)
rPois   .          Reflect  .   (no amulet)
rElec   .          Harm     .   (no ring)
rCorr   .          Rampage  .   (no ring)
Will    .....      Clarity  +   (no ring)
Stlth   .......... NoTele   +   (no ring)
HPRegen 0.20/turn               (no ring)
MPRegen 0.09/turn               (no ring)
                                (no ring)
                                (no ring)

@: berserking, very quick
A: almost no armour, amphibious, 8 rings, camouflage 1, gelatinous body 1,
(nimble swimmer 1), tentacles, antennae 1, clarity
a: Renounce Religion, Berserk, Trog's Hand


You were in the Dungeon.
You worshipped Trog.
Trog was pleased with you.
You visited 1 branch You collected 23 gold pieces.

Inventory:

Hand Weapons
 a - a +0 hand axe (weapon)
Scrolls
 g - a scroll of blinking
 h - 3 scrolls of fear {unknown}
 j - a scroll of holy word {unknown}
 k - a scroll of enchant armour {unknown}
 m - a scroll of immolation {unknown}
 n - 2 scrolls of identify
Potions
 b - a potion of curing
 c - a potion of heal wounds
 d - a potion of haste
 e - 2 potions of magic
 f - a potion of berserk rage
 i - 2 potions of mutation
 l - 2 potions of flight {unknown}


   Skills:
 + Level 6.8 Fighting
 + Level 7.1 Axes
 + Level 7.2 Dodging
 + Level 0.2 Stealth


You had 4 spell levels left.
You didn't know any spells.
Your spell library was empty.

Dungeon Overview and Level Annotations

Branches:
Dungeon (1/1)

Altars:
Kikubaaqudgha
Sif Muna
Vehumet


Innate Abilities, Weirdness & Mutations

You cannot wear most types of armour.
You are amphibious.
You can wear up to eight rings at the same time.
Your skin changes colour to match your surroundings (Stealth+).
Your rubbery body absorbs attacks. (AC +1, EV +1)
((You are camouflaged when in or above water. (Stealth+)))
You have tentacles for arms and can constrict up to eight enemies at once.
You have a pair of small antennae on your head.
You possess an exceptional clarity of mind.


Message History

A red film seems to cover your vision as you go berserk!
You feel yourself moving faster!
You feel mighty!
The kobold demonologist gestures wildly while chanting.
Something hits you!
You hit something. Your squeeze misses something. You hit the smoke demon.
The kobold demonologist gestures wildly while chanting.
Something hits you.
You closely miss something. You slash the smoke demon!
The smoke demon hits you! The smoke demon barely misses you.
The smoke demon closely misses you.
You miss something. Your squeeze misses something. You hit the smoke demon.
Something closely misses you. The smoke demon hits you. x3
You miss something. You barely miss the smoke demon.
You hear some strange, mumbled words.
A fireball appears from out of thin air!
The fireball explodes!
The fireball engulfs you!
* * * LOW HITPOINT WARNING * * *
The fireball engulfs the smoke demon.
The smoke demon resists.
The fireball engulfs something!
Reactivating autopickup.
You feel a bit more experienced.
You closely miss the kobold demonologist.
Your grab misses the kobold demonologist.
You slash the smoke demon! The smoke demon hits you.
* * * LOW HITPOINT WARNING * * *
The smoke demon hits you.
* * * LOW HITPOINT WARNING * * *
The smoke demon misses you.
You hit the kobold demonologist.
Your grab misses the kobold demonologist.
The kobold demonologist is lightly wounded.
You slash the smoke demon!
The kobold demonologist completely misses you.
You hit the kobold demonologist.
Your grab misses the kobold demonologist.
The kobold demonologist is heavily wounded.
You barely miss the smoke demon. The smoke demon gestures at you.
Something smites you!
You die...

#..#....♣♣ ♣.# ####....♣♣♣
♣♣.# .†.#....≈.♣
♣..###+#+###+##
...#...≈≈.♣♣♣..#..........#
...#..≈≈≈†..♣♣.'.⌠........#
##'#..≈≈≈≈≈≈♣..#...######+#
...#.≈≈≈≈≈≈....#.⌠.#{
...#.≈≈≈≈≈.....#...#
.).#.≈≈≈.......#@###
####...........#3K5#
...............#5__#
▓▓▓▓▓▓▓▓▓▓▓▓▓▓▓▓▓▓▓▓


You could see a kobold demonologist, a smoke demon (summoned), an iron imp
(summoned) and a shadow imp (summoned).

Vanquished Creatures
  A water elemental (D)
  A scorpion (D)
  Jessica (D)
  A human (D)
  3 rats (D)
7 creatures vanquished.

Vanquished Creatures (others)
  A wizard (D)
1 creature vanquished.

Grand Total: 8 creatures vanquished

Notes
Turn   | Place    | Note
-------+----------+-------------------------------------------
     0 | D        | mhtbhm the Octopode Berserker began the quest for the Orb.
     0 | D        | Reached XP level 1. HP: 16/16 MP: 1/1
    12 | D        | Noticed Jessica
    13 | D        | Reached ** piety under Trog
    19 | D        | Killed Jessica
    20 | D        | Reached XP level 2. HP: 19/23 MP: 2/2
    20 | D        | Reached XP level 3. HP: 22/27 MP: 3/3
   165 | D        | Reached skill level 5 in Dodging
   306 | D        | Noticed a scorpion
   315 | D        | Killed a scorpion
   316 | D        | Reached skill level 5 in Fighting
   316 | D        | Reached XP level 4. HP: 26/36 MP: 4/4
   337 | D        | Gained mutation: You are weak. (Str -2) [potion of
                  | mutation]
   337 | D        | Gained mutation: You are robust. (+10% HP) [potion of
                  | mutation]
   338 | D        | Lost mutation: You are weak. (Str -2) [potion of mutation]
   338 | D        | Lost mutation: You are robust. (+10% HP) [potion of
                  | mutation]
   338 | D        | Gained mutation: You possess an exceptional clarity of
                  | mind. [potion of mutation]
   338 | D        | Gained mutation: You have a pair of small antennae on your
                  | head. [potion of mutation]
   377 | D        | Noticed a water elemental
   388 | D        | Killed a water elemental
   388 | D        | Reached *** piety under Trog
   389 | D        | Reached XP level 5. HP: 32/42 MP: 5/5
   532 | D        | Found a radiant altar of Vehumet.
   532 | D        | Found a shimmering blue altar of Sif Muna.
   532 | D        | Found an ancient bone altar of Kikubaaqudgha.
   536 | D        | Noticed a smoke demon
   542 | D        | Killed from afar by a smoke demon

Illustrated notes

Levels and vault maps discovered:
D:        dungeon_sprint_mu [sprint_mu_entry_forest, sprint_mu_temple_rooms,
          sprint_mu_d1_horrors, sprint_mu_d2_genie, sprint_mu_d3_branching,
          sprint_mu_orc_legion, sprint_mu_elf_gauntlet, sprint_mu_hive_nellie,
          sprint_mu_lair_fedhas, sprint_mu_vaults_butterflies,
          sprint_mu_slime_circle, sprint_mu_shoals_kraken,
          sprint_mu_snake_twists, sprint_mu_blade_basic,
          sprint_mu_crypt_fortress, sprint_mu_tomb_spiral,
          sprint_mu_vestibule_basic, sprint_mu_gehenna_hellfire,
          sprint_mu_dis_giant, sprint_mu_tartarus_statrot,
          sprint_mu_cocytus_islands, sprint_mu_zot1]

Skill      XL: |  1  2  3  4 |
---------------+-------------+-----
Fighting       | 4 5 6 |  6.8
Axes           | 4 6 7 |  7.1
Dodging        | 4 6 7 |  7.2
Stealth        | |  0.2

Action                   |  1- 3 |  4- 6 || total
-------------------------+-------+-------++-------
Melee: Hand axe          |    17 |    18 ||    35
       Constrict         |     3 |       ||     3
       Tentacles         |     2 |     1 ||     3
Invok: Berserk           |     2 |     2 ||     4
  Use: Potion            |       |     2 ||     2
 Stab: Sleeping          |       |     1 ||     1
Armor: Skin              |       |     1 ||     1
Dodge: Dodged            |     8 |     8 ||    16

Table legend: (Time is in decaauts)
 A = Elapsed time spent in this place.
 B = Non-inter-level travel time spent in this place.
 C = Inter-level travel time spent in this place.
 D = Time resting spent in this place.
 E = Time spent auto-exploring this place.
 F = Levels seen in this place.
 G = Mean time per level.
                   A        B        C        D        E       F      G
               +--------+--------+--------+--------+--------+-----+--------+
         Total |    569 |    569 |      0 |    441 |      1 |   1 |  569.0 |
       Dungeon |    569 |    569 |      0 |    441 |      1 |   1 |  569.0 |
               +--------+--------+--------+--------+--------+-----+--------+

Top non-repeatable levels by time:
       D: 569 daAuts
